Map: 킹스 코브 - 래더

Players

Bunny - Winner!

  • Race: Terran Terran
  • Spawn Location: 5:00

TYTY (TY)

  • Race: Terran Terran
  • Spawn Location: 11:00

Event: IEM Season 13: Katowice (2019)

VOD

Have the link to the VOD?

Description

Time

  • Played on: March 1, 2019, 4:08 p.m.
  • Length: 13:35

All games in this series

Show
View Real Time Build Order
Export as new Build Order

Bunny Terran - Winner!

Build Orders: Gas First Reaper Expand 

Get SALT Encoding   

  12  0:00  SCV  
  13  0:12  SCV  
  14  0:17  Supply Depot  
  14  0:24  SCV  
  15  0:29  Refinery  
  15  0:39  SCV  
  16  0:45  Barracks  
  16  0:51  SCV  
  17  1:03  SCV  
  18  1:15  SCV  
  19  1:32  Reaper, Orbital Command  
  20  1:44  Command Center  
  20  1:55  Factory  
  20  1:59  SCV  
  21  2:07  Barracks Reactor  
  21  2:08  Supply Depot  
  21  2:11  SCV  
  22  2:16  Refinery  
  22  2:23  SCV  
  21  2:35  SCV  
  22  2:39  Factory Tech Lab  
  22  2:43  Marine x2  
  22  2:48  SCV  
  23  3:00  SCV, Cyclone  
  26  3:12  SCV  
  26  3:15  Command Center  
  25  3:25  SCV  
  26  3:28  Starport, Marine  
  26  3:30  Marine  
  28  3:37  SCV  
  29  3:43  Supply Depot  
  29  3:49  SCV  
  29  3:53  Factory Tech Lab  
  30  3:57  Marine  
  31  4:04  Marine  
  31  4:06  SCV  
  32  4:15  Raven  
  34  4:18  SCV  
  38  4:24  Siege Tank, Marine  
  38  4:26  Marine  
  38  4:31  SCV  
  41  4:43  SCV  
  42  4:52  Command Center  
  40  5:02  Raven  
  40  5:04  SCV  
  40  5:06  Orbital Command  
  42  5:10  Marine x2  
  44  5:17  SCV  
  44  5:18  Refinery  
  45  5:26  Siege Tank  
  48  5:30  SCV  
  48  5:31  SCV  
  48  5:35  Supply Depot  
  50  5:43  SCV  
  50  5:44  SCV  
  50  5:56  SCV x2  
  48  6:01  Siege Tank  
  51  6:05  Marine  
  51  6:06  Refinery, Viking  
  51  6:08  SCV x2  
  51  6:10  Viking  
  58  6:18  Orbital Command  
  58  6:19  Liberator  
  58  6:20  SCV x2  
  58  6:23  Marine  
  61  6:32  SCV x2  
  66  6:40  Viking  
  66  6:41  Orbital Command  
  66  6:44  SCV x2, Marine  
  71  6:50  Siege Tank  
  74  6:56  SCV x2  
  74  6:57  Supply Depot  
  76  7:07  Marine  
  77  7:18  Barracks, Viking  
  77  7:19  Barracks, Viking  
  77  7:22  Siege Tank  
  83  7:26  SCV x2  
  83  7:28  SCV  
  84  7:43  Marine  
  79  7:48  Viking  
  79  7:49  Viking  
  80  7:51  SCV x2  
  80  7:52  SCV  
  80  7:54  Siege Tank  
  80  7:55  Stimpack  
  84  8:03  SCV  
  84  8:04  Engineering Bay x2  
  85  8:05  Supply Depot  
  85  8:07  Barracks Reactor  
  85  8:08  Barracks Reactor, SCV x2  
  87  8:13  Marine  
  71  8:20  Viking x2  
  88  8:26  SCV x2  
  93  8:27  SCV  
  93  8:31  Marine  
  93  8:33  Terran Infantry Weapons Level 1  
  95  8:36  Terran Infantry Armor Level 1  
  95  8:38  SCV  
  95  8:39  SCV x2  
  95  8:42  Siege Tank  
  98  8:48  Marine x3  
  98  8:53  Supply Depot  
  98  8:55  Medivac, Marine x2  
  105  8:59  SCV x3  
  105  9:02  Refinery  
  108  9:03  Refinery  
  108  9:11  Armory  
  108  9:12  SCV  
  108  9:14  SCV x2  
  108  9:15  Supply Depot  
  108  9:16  Marine x3  
  116  9:17  Marine  
  117  9:33  Marine  
  117  9:35  Liberator  
  117  9:36  Marine  
  117  9:37  Siege Tank, Marine x3  
  123  9:43  Supply Depot x3  
  123  9:49  Barracks x2  
  123  9:51  Marine  
  127  9:54  Sensor Tower  
  127  9:56  Combat Shield, Supply Depot  
  127  9:57  Sensor Tower  
  127  9:59  Medivac  
  129  10:03  Terran Vehicle Weapons Level 1  
  129  10:07  Marine  
  129  10:08  Marine x4  
  129  10:11  Siege Tank  
  137  10:25  SCV x3  
  140  10:29  Terran Infantry Weapons Level 2, Medivac  
  140  10:34  Command Center  
  140  10:35  Medivac  
  144  10:38  Barracks Reactor x2  
  143  10:46  Marine x5  
  148  10:53  Terran Infantry Armor Level 2  
  147  10:57  Siege Tank  
  147  10:58  SCV  
  147  10:59  SCV  
  147  11:03  Marine  
  147  11:04  Marine x3  
  153  11:07  Medivac  
  158  11:11  Medivac  
  160  11:18  Marine  
  160  11:19  Marine x4  
  165  11:27  Supply Depot x2  
  165  11:29  Supply Depot  
  165  11:32  Supply Depot  
  165  11:41  Marine  
  165  11:42  Marine  
  165  11:43  Viking  
  165  11:44  Viking  
  165  11:45  Siege Tank  
  159  11:48  Marine  
  159  11:49  Marine x6  
  162  11:59  Marine  
  162  12:07  Marine  
  162  12:08  Marine x7  
  170  12:10  Sensor Tower  
  170  12:17  Marine  
  171  12:25  Marine  
  172  12:30  Marine x5  
  172  12:33  Siege Tank  
  172  12:36  Viking x2  
  172  12:37  Marine x3  
  177  12:43  Marine  
  177  12:47  Marine  
  177  12:48  Marine x3  
  181  13:00  Marine  
  181  13:01  Marine x4  
  187  13:05  Marine  
  187  13:06  Marine x3  
Show
View Real Time Build Order
Export as new Build Order

TYTY Terran 

Build Orders:  

Get SALT Encoding   

  12  0:00  SCV  
  13  0:12  SCV  
  14  0:18  Supply Depot  
  14  0:42  Barracks, Refinery  
  14  0:55  Barracks  
  14  0:59  SCV  
  15  1:11  SCV  
  17  1:28  Reaper  
  17  1:30  Orbital Command  
  17  1:34  Refinery  
  17  1:43  Reaper  
  18  1:55  SCV  
  18  2:01  Reaper  
  20  2:04  Supply Depot  
  20  2:07  SCV  
  21  2:15  Reaper  
  22  2:19  SCV  
  23  2:32  Bunker  
  23  2:33  Reaper  
  23  2:40  SCV  
  24  2:47  Reaper  
  24  2:51  Factory  
  25  2:57  SCV  
  27  3:11  SCV  
  26  3:23  SCV  
  26  3:34  Command Center, Factory Tech Lab  
  26  3:35  SCV  
  27  3:45  Starport  
  27  3:47  Supply Depot  
  26  3:55  Cyclone  
  29  4:00  SCV  
  28  4:12  SCV  
  29  4:24  SCV  
  29  4:27  Cyclone  
  33  4:36  SCV  
  33  4:37  Medivac  
  36  4:39  Supply Depot  
  36  4:43  Barracks Reactor  
  36  4:48  SCV  
  36  5:06  Orbital Command  
  36  5:12  SCV  
  37  5:17  Command Center, Raven  
  37  5:19  Factory Tech Lab  
  39  5:21  Marine  
  39  5:24  Marine  
  39  5:26  SCV  
  42  5:32  SCV  
  43  5:38  SCV  
  44  5:44  SCV  
  45  5:51  Marine x2  
  45  5:54  SCV  
  45  5:56  SCV  
  39  5:58  Siege Tank  
  39  6:02  Refinery  
  39  6:03  Refinery  
  42  6:06  Raven, SCV  
  42  6:09  Marine x2  
  42  6:10  SCV  
  48  6:18  SCV  
  48  6:22  SCV  
  50  6:27  Marine x2  
  50  6:29  Supply Depot  
  50  6:30  Siege Tank  
  50  6:31  Orbital Command, SCV  
  56  6:34  SCV  
  57  6:43  SCV  
  57  6:46  SCV  
  59  6:55  SCV  
  59  6:57  Engineering Bay  
  59  6:58  Orbital Command, Viking  
  59  6:59  Engineering Bay, SCV  
  59  7:01  Viking  
  67  7:02  Stimpack  
  67  7:05  Marine  
  67  7:07  SCV  
  67  7:11  Siege Tank, SCV  
  67  7:14  Orbital Command, Supply Depot  
  71  7:19  SCV  
  72  7:25  Marine  
  72  7:28  SCV, Viking  
  76  7:31  Viking  
  74  7:43  Siege Tank  
  74  7:45  SCV x2  
  70  7:53  Marine  
  70  7:58  Viking  
  73  7:59  SCV x2  
  73  8:01  Viking  
  77  8:15  Command Center  
  77  8:19  Supply Depot  
  77  8:21  Supply Depot  
  77  8:23  Marine  
  78  8:38  Viking  
  78  8:41  Viking, Marine  
  80  8:42  Siege Tank  
  80  8:44  SCV  
  80  8:45  SCV  
  86  8:51  Liberator  
  86  8:58  SCV x2  
  86  8:59  Supply Depot, Marine  
  86  9:00  Supply Depot  
  89  9:03  Liberator  
  92  9:15  SCV x2  
  92  9:16  Supply Depot  
  94  9:20  Combat Shield, Marine  
  94  9:21  Siege Tank  
  101  9:27  SCV  
  101  9:28  Orbital Command, SCV  
  103  9:38  Terran Infantry Armor Level 1, Missile Turret, Terran Infantry Weapons Level 1  
  103  9:42  Marine  
  104  9:47  SCV  
  104  9:48  Barracks  
  104  9:49  Barracks  
  104  9:51  SCV  
  106  9:54  Supply Depot  
  106  9:57  SCV  
  106  9:58  Siege Tank  
  109  10:02  SCV  
  109  10:05  Sensor Tower, SCV  
  109  10:06  Viking  
  113  10:11  Refinery, SCV  
  113  10:13  Refinery  
  113  10:15  SCV  
  114  10:22  SCV  
  114  10:23  SCV  
  114  10:28  SCV  
  116  10:29  Marine  
  116  10:30  Siege Tank  
  116  10:34  Barracks, SCV  
  121  10:35  Barracks Reactor, SCV  
  121  10:36  Barracks  
  121  10:40  Viking x2, SCV  
  127  10:48  Barracks Reactor  
  127  10:50  Command Center  
  127  10:53  Armory  
  127  10:56  Marine  
  127  11:06  Siege Tank  
  128  11:12  Medivac x2, Marine x2  
  128  11:15  SCV x3  
  128  11:18  Marine  
  138  11:22  Barracks Reactor, Sensor Tower  
  138  11:25  Barracks Reactor, Marine x2  
  138  11:26  Supply Depot  
  138  11:28  Supply Depot x2  
  138  11:29  Marine  
  141  11:34  Starport  
  141  11:35  Marine  
  141  11:43  Marine  
  141  11:47  Marine x3  
  141  11:48  Siege Tank  
  147  11:54  SCV  
  147  11:56  Marine  
  147  11:57  Viking  
  147  11:58  Viking  
  153  12:01  Marine  
  153  12:05  Marine  
  153  12:07  Command Center  
  155  12:08  Marine  
  155  12:09  Marine x5  
  155  12:14  Marine  
  161  12:17  Sensor Tower  
  161  12:19  Marine  
  161  12:20  Starport Reactor  
  161  12:21  SCV x2  
  161  12:22  SCV  
  165  12:23  Marine  
  165  12:24  Siege Tank  
  165  12:26  Marine  
  169  12:30  Marine x2  
  169  12:32  Marine  
  169  12:33  Marine x3  
  168  12:37  Marine  
  168  12:41  Marine  
  168  12:42  Viking  
  176  12:44  Marine  
  176  12:47  Marine x2  
  176  12:50  Marine x2  
  176  12:51  Marine  
  173  12:58  Siege Tank  
  173  12:59  Viking  
  179  13:10  Supply Depot, Marine  
  179  13:11  Supply Depot  
  183  13:21  Sensor Tower  
  183  13:23  Refinery x2  

Tags
 
Add a new tag
Caveats
  • Supply blocks, unpowered buildings, or Contaminate may cause inaccurate times.
  • Supply counts are checked every 10 seconds.